 Dungeon Crawl Stone Soup version 0.17.1-3-g152610e (webtiles) character file.

485 kasilopana the Ducker (level 6, -11/54 HPs)
             Began as a Troll Berserker on Mar 18, 2016.
             Was a Priest of Trog.
             Mangled by Asagix's ghost (14 damage)
             ... on level 6 of the Dungeon.
             The game lasted 00:48:14 (3289 turns).

kasilopana the Ducker (Troll Berserker)             Turns: 3289, Time: 00:48:14

Health: -11/54     AC:  5    Str: 31    XL:     6   Next: 88%
Magic:  5/5        EV: 11    Int:  4    God:    Trog [***...]
Gold:   36         SH:  0    Dex: 13    Spells: 0 memorised, 5 levels left

rFire  . . .     SeeInvis .     l - +1 short sword (drain)
rCold  . . .     Clarity  .     a - +0 animal skin
rNeg   . . .     SustAt   +     (no shield)
rPois  .         Gourm    +     (helmet restricted)
rElec  .         Spirit   .     (no cloak)
rCorr  .         Warding  .     (gloves unavailable)
rMut   .         Stasis   .     (boots unavailable)
MR     .....                    (no amulet)
Stlth  +.........               p - +4 ring of dexterity
                                s - ring of sustain attributes

@: exhausted, not resistant to hostile enchantments, very unstealthy
A: unfitting armour, claws 3, fast metabolism 3, frail 1, gourmand, regeneration
2, shaggy fur 1, strong 2, tough skin 2
a: Berserk, Trog's Hand, Burn Spellbooks, Renounce Religion


You were on level 6 of the Dungeon.
You worshipped Trog.
Trog was most pleased with you.
You were not hungry.

You visited 1 branch of the dungeon, and saw 6 of its levels.

You collected 141 gold pieces.
You spent 105 gold pieces at shops.

Inventory:

Hand Weapons
 h - a +0 short sword
 i - a +0 hunting sling
 l - a +1 short sword of draining (weapon)
Missiles
 d - 84 stones (quivered)
Armour
 a - a +0 animal skin (worn)
Jewellery
 e - an uncursed ring of invisibility
 p - a +4 ring of dexterity (right claw)
 s - a ring of sustain attributes (left claw)
Wands
 k - a wand of enslavement (11)
 n - a wand of lightning (0)
Scrolls
 f - 3 scrolls of identify
 m - a scroll of remove curse
 o - 2 scrolls of recharging
 r - a scroll of teleportation
Potions
 c - 3 potions of flight
Comestibles
 b - 4 bread rations
 g - a slice of pizza
 j - a chunk of flesh
 q - 3 beef jerkies
 t - a royal jelly
 u - a meat ration


   Skills:
 * Level 3.6 Fighting
 * Level 1.1 Short Blades
 * Level 1.4(1.5) Slings
 * Level 1.1(1.7) Throwing
 * Level 1.0 Armour
 * Level 4.1 Dodging
 + Level 0.5 Stealth
 * Level 4.0 Unarmed Combat
 + Level 0.1 Evocations


You had 5 spell levels left.
You didn't know any spells.

Dungeon Overview and Level Annotations

Branches:
Dungeon (6/15)
 Temple: D:4-7

Altars:
Ashenzari
Ru
Zin

Shops:
D:4 ?*

Annotations:
D:6 Asagix's ghost, novice MiBe


Innate Abilities, Weirdness & Mutations

You are too large for most types of armour.
You have claws for hands.
Your metabolism is lightning-fast.
You like to eat raw meat.
You heal very quickly.
You are covered in fur (AC +1).
You have very tough skin (AC +2).
You are frail (-10% HP).
Your muscles are very strong. (Str +4)


Message History

You feel yourself slow down.
You are feeling very hungry.
There is a stone staircase leading down here.
Eat one of 3 chunks of flesh? (ye/n/q/i?) This raw flesh tastes great.
You are feeling hungry.
You continue eating. x2
Eat one of 2 chunks of flesh? (ye/n/q/i?) This raw flesh tastes great.
You continue eating. x2
u - a meat ration Asagix's ghost (novice Minotaur Berserker) comes into view.
It is wielding a weapon of electrocution.
You feel yourself speed up.
Asagix's ghost turns its malevolent gaze towards you.
You see here 13 gold pieces.
Asagix's ghost closely misses you.
You closely miss Asagix's ghost. Asagix's ghost hits you!
You are electrocuted!
* * * LOW HITPOINT WARNING * * *
You closely miss Asagix's ghost. Asagix's ghost hits you!
You die...

.......................#.#
......................#..#
...............<.........
.....................#...
............[........#...
....................#...#
...................##....#
................#.....#
....(....$@W.......#....
..................... ..
.............####.... #
.............# ....
............... .#.
...........#....
..........###..##
.........## ...


You could see Asagix's ghost.

Vanquished Creatures
  An ogre (D:6)
  A phantom (D:6)
  A scorpion (D:4)
  A giant frog skeleton (D:4)
  A jelly (D:6)
  An iguana (D:6)
  An orc wizard (D:5)
  A worker ant (D:4)
  5 adders
  2 shadow imps
  A worm (D:2)
  4 giant geckos
  3 orcs
  2 ball pythons
  5 giant cockroaches
  5 goblins
  10 hobgoblins
  9 jackals
  A quokka (D:3)
  4 bats
  2 giant newts
  3 kobolds
  5 rats
  5 plants (D:4)
74 creatures vanquished.

Vanquished Creatures (others)
  A plant (D:4)
1 creature vanquished.

Grand Total: 75 creatures vanquished

Notes
Turn   | Place    | Note
--------------------------------------------------------------
     0 | D:1      | kasilopana the Troll Berserker began the quest for the Orb.
     0 | D:1      | Reached XP level 1. HP: 22/22 MP: 0/0
   341 | D:1      | Reached XP level 2. HP: 29/29 MP: 1/1
   808 | D:1      | Gained mutation: You are frail (-10% HP). [potion of mutation]
   808 | D:1      | Gained mutation: Your muscles are strong. (Str +2) [potion of mutation]
   808 | D:1      | Gained mutation: Your muscles are very strong. (Str +4) [potion of mutation]
   985 | D:2      | Found a shattered altar of Ashenzari.
  1075 | D:2      | Reached ** piety under Trog
  1087 | D:2      | Reached XP level 3. HP: 32/32 MP: 2/2
  1664 | D:2      | Found a glowing silver altar of Zin.
  1753 | D:2      | Reached XP level 4. HP: 37/39 MP: 3/3
  1971 | D:3      | Found a sacrificial altar of Ru.
  2165 | D:3      | Found a shattered altar of Ashenzari.
  2280 | D:4      | Found Cibiseid's General Store.
  2464 | D:4      | Found Ulucrall's Magic Scroll Emporium.
  2484 | D:4      | Reached XP level 5. HP: 32/47 MP: 4/4
  2502 | D:4      | Bought a scroll of enchant weapon for 105 gold pieces
  2556 | D:4      | Reached skill level 1 in Short Blades
  2719 | D:5      | Entered Level 5 of the Dungeon
  2851 | D:5      | Reached skill level 1 in Slings
  3187 | D:6      | Noticed a phantom
  3210 | D:6      | Reached XP level 6. HP: 45/54 MP: 5/5
  3232 | D:6      | Reached *** piety under Trog
  3244 | D:6      | Noticed an ogre
  3247 | D:6      | Killed a phantom
  3247 | D:6      | Reached skill level 1 in Throwing
  3247 | D:6      | Reached skill level 1 in Armour
  3253 | D:6      | Killed an ogre
  3253 | D:6      | Reached skill level 4 in Dodging
  3279 | D:6      | Noticed Asagix's ghost (novice MiBe)
  3288 | D:6      | HP: 2/54 [Asagix's ghost (19)]
  3289 | D:6      | Mangled by Asagix's ghost

Action                   |  1- 3 |  4- 6 || total
-------------------------+-------+-------++-------
Melee: Club              |    18 |       ||    18
       Unarmed           |     8 |     6 ||    14
       Short sword       |    76 |   349 ||   425
 Fire: Hunting sling     |    60 |       ||    60
Throw: Stone             |     8 |    10 ||    18
Invok: Berserk           |     4 |     2 ||     6
       Trog's Hand       |     1 |       ||     1
Evoke: Wand              |       |     2 ||     2
  Use: Scroll            |     4 |     4 ||     8
       Potion            |     2 |       ||     2
  Eat: Chunk             |    16 |    10 ||    26
       Bread ration      |     1 |       ||     1
       Meat ration       |       |     1 ||     1
